 Dungeon Crawl Stone Soup version 0.25.1-2-g60ff931df9 (webtiles) character file.

Game seed: 15356756698659094858

40 Turner1 the Skirmisher (level 3, -1/29 HPs)
             Began as a Demonspawn Abyssal Knight on Oct 10, 2020.
             Was a Believer of Lugonu.
             Slain by a kobold (3 damage)
             ... on level 2 of the Dungeon.
             The game lasted 00:03:38 (958 turns).

Turner1 the Skirmisher (Demonspawn Abyssal Knight)   Turns: 958, Time: 00:03:39

Health: -1/29      AC:  3    Str: 19    XL:     3   Next: 30%
Magic:  5/5        EV: 11    Int: 13    God:    Lugonu [**....]
Gold:   62         SH:  3    Dex: 12    Spells: 2/2 levels left

rFire    . . .     SeeInvis .   a - +1 falchion
rCold    . . .     Gourm    .   g - +0 buckler
rNeg     . . .     Faith    .   b - +0 leather armour
rPois    .         Spirit   .   (no helmet)
rElec    .         Reflect  .   (no cloak)
rCorr    .         Harm     .   (no gloves)
MR       .....                  (no boots)
Stlth    +.........             (no amulet)
HPRegen  0.09/turn              j - +6 ring of strength
MPRegen  0.09/turn              (no ring)

@: brilliant, lethally poisoned (-1 -> -5)
A: sturdy frame 1
a: Depart the Abyss, Bend Space, Renounce Religion


You were on level 2 of the Dungeon.
You worshipped Lugonu.
Lugonu was pleased with you.
You were not hungry.

You visited 1 branch of the dungeon, and saw 3 of its levels.
You visited the Abyss 1 time.

You collected 62 gold pieces.

Inventory:

Hand Weapons
 a - a +1 falchion (weapon)
Armour
 b - a +0 leather armour (worn)
 g - a +0 buckler (worn)
Jewellery
 j - a +6 ring of strength (left hand)
Scrolls
 e - 8 scrolls of teleportation {unknown}
 i - a scroll of remove curse {unknown}
 k - a scroll of blinking {unknown}
Potions
 f - a potion of ambrosia {unknown}
Comestibles
 c - a ration
 d - 10 chunks of flesh


   Skills:
 + Level 3.6 Fighting
 + Level 2.2 Long Blades
 + Level 1.9 Armour
 + Level 1.1 Dodging
 * Level 0.3 Shields
 + Level 2.9 Invocations


You had 2 spell levels left.
You didn't know any spells.
Your spell library was empty.

Dungeon Overview and Level Annotations

Branches:
Dungeon (3/15)

Altars:


Innate Abilities, Weirdness & Mutations

Your movements are slightly less encumbered by armour. (ER -2)


Message History

You miss the adder.
You feel sick. The jackal barely misses you.
You riposte.
You hit the jackal.
You kill the jackal!
Lugonu accepts your kill. The jackal bites you. The adder barely misses you.
You block the kobold's attack. The jackal bites you.
* * * LOW HITPOINT WARNING * * *
You closely miss the jackal. The adder barely misses you.
You riposte.
You hit the adder.
The adder is lightly wounded.
The kobold hits you.
* * * LOW HITPOINT WARNING * * *
The jackal bites you but does no damage.
You block the adder's attack. The kobold hits you but does no damage.
It was a potion of brilliance.
You feel clever all of a sudden.
You feel sick. The jackal misses you. The adder bites you.
* * * LOW HITPOINT WARNING * * *
You block the jackal's attack. The kobold hits you.
You die...

.# #.# .#
#.##.#
..#.#####
#.#.#...#
####...#...#
###..........#
.............#
#....@†....#
#...KSh.(###
........†>.#
##.........#
#.........#
#.........#
#.........#
#..........
#...........


You could see an adder, a jackal and a kobold.

Vanquished Creatures
  A dart slug (D:2)
  A leopard gecko (D:2)
  3 giant cockroaches (D:1)
  6 goblins
  5 hobgoblins
  7 jackals
  A quokka (D:2)
  2 bats (D:1)
  2 frilled lizards
  2 kobolds
  2 rats
32 creatures vanquished.

Notes
Turn   | Place    | Note
-------+----------+-------------------------------------------
     0 | Abyss:1  | Turner1 the Demonspawn Abyssal Knight began the quest for
                  | the Orb.
     0 | Abyss:1  | Reached XP level 1. HP: 18/18 MP: 2/2
    24 | Abyss:1  | Found a corrupted altar of Lugonu.
    51 | D:1      | Escaped the Abyss
    83 | D:1      | Reached skill level 1 in Dodging
   268 | D:1      | Gained mutation: Your movements are slightly less
                  | encumbered by armour. (ER -2) [demonic ancestry]
   268 | D:1      | Reached XP level 2. HP: 24/24 MP: 4/4
   438 | D:1      | Reached ** piety under Lugonu
   795 | D:2      | Reached XP level 3. HP: 19/29 MP: 5/5
   906 | D:2      | You fall into a shaft and drop 1 floor!
   958 | D:2      | Slain by a kobold

Illustrated notes

Levels and vault maps discovered:
D:1:      heliophobic_arrival_enchanted_forest, layout_basic
D:2:      layout_basic, lemuel_doored_altar, fedhas_altar_2
D:3:      layout_loops_corners, uniq_ijyb

Skill      XL: |  1  2 |
---------------+-------+-----
Dodging        | 1 |  1.1
Long Blades    | 2 |  2.2
Fighting       | |  3.6
Armour         | |  1.9
Shields        | |  0.3
Invocations    | |  2.9

Action                   || total
-------------------------++-------
Melee: Falchion          ||    74
  Use: Potion            ||     1
Armor: Leather armour    ||    30
Dodge: Dodged            ||    76
Block: Buckler           ||    12
       Rpst.: Falchion   ||    27
